 Dungeon Crawl Stone Soup version 0.26.1-11-gd32895ea62 (webtiles) character file.

Game seed: 16587605562377228040

32 jlumianski the Caller (level 3, 0/14 HPs)
             Began as a Felid Summoner on June 1, 2021.
             Succumbed to Sigmund's poison
             ... on level 2 of the Dungeon.
             The game lasted 00:09:40 (2552 turns).

jlumianski the Caller (Felid Summoner)              Turns: 2552, Time: 00:09:41

Health: 0/14       AC:  1    Str:  4    XL:     3   Next: 8%
Magic:  2/8        EV: 18    Int: 17    God:
Gold:   63         SH:  0    Dex: 16    Spells: 4/7 levels left
                                        Lives:  0   Deaths: 0

rFire    . . .     SeeInvis +   (weapon unavailable)
rCold    . . .     Faith    .   (shield unavailable)
rNeg     . . .     Spirit   .   (armour unavailable)
rPois    .         Reflect  .   (helmet unavailable)
rElec    .         Harm     .   (cloak unavailable)
rCorr    .         Rampage  .   (gloves unavailable)
Will     .....                  (boots unavailable)
Stlth    +.........             (no amulet)
HPRegen  0.04/turn              (no ring)
MPRegen  0.11/turn              (no ring)

@: confused, mighty, lethally poisoned (0 -> -16), quick
A: very small, no armour, no weapons or thrown items, stealth, claws 1, fangs 3,
see invisible, speed 1, shaggy fur 1, sharp paws
a: no special abilities


You were on level 2 of the Dungeon.
You visited 1 branch of the dungeon, and saw 2 of its levels.

You collected 63 gold pieces.

Inventory:

Scrolls
 a - a scroll of immolation {unknown}
 b - 2 scrolls of teleportation {unknown}
 d - a scroll of noise {unknown}
 e - 2 scrolls of remove curse
 f - a scroll of enchant weapon {unknown}
 g - 2 scrolls of identify {unknown}
 j - a scroll of amnesia {unknown}
Potions
 c - a potion of magic


   Skills:
 + Level 0.2 Fighting
 + Level 2.6 Dodging
 + Level 2.8 Stealth
 + Level 2.8 Spellcasting
 + Level 4.3 Summonings


You had 4 spell levels left.
You knew the following spells:

 Your Spells              Type           Power        Failure   Level
a - Summon Small Mammal   Summ           68%          3%          1
b - Call Imp              Summ           17%          4%          2

Your spell library contained the following spells:

 Spells                   Type           Power        Failure   Level
 Call Canine Familiar     Summ           17%          9%          3
 Beastly Appendage        Tmut           4%           19%         1
 Summon Guardian Golem    Hex/Summ       9%           22%         3
 Wereblood                Tmut           2%           26%         2
 Spider Form              Tmut/Pois      1%           47%         3
 Summon Ice Beast         Ice/Summ       9%           58%         4
 Summon Lightning Spire   Summ/Air       9%           58%         4
 Ice Form                 Ice/Tmut       2%           87%         4
 Blade Hands              Tmut           1%           99%         5


Dungeon Overview and Level Annotations

Branches:
Dungeon (2/15)

Altars:
Uskayaw

Annotations:
D:2 Sigmund


Innate Abilities, Weirdness & Mutations

You cannot wear armour.
You are incapable of wielding weapons or throwing items.
Your paws allow you to move quietly. (Stealth)
You have sharp claws.
You have razor-sharp teeth.
You have supernaturally acute eyesight. (SInv)
You cover ground quickly.
You are covered in fur. (AC +1)
Your sharp claws are effective at attacking unaware monsters.


Message History

Your quokka dies!
Your quokka's corpse disappears in a puff of smoke!
Sigmund casts a spell at you.
You are confused.
Sigmund flickers, as though insubstantial.
Sigmund hits you from afar with a +2 scythe of venom!
Ouch! That really hurt!
* * * LOW HITPOINT WARNING * * *
You are lethally poisoned!
Unknown command.
It was a potion of heal wounds.
You feel much better.
You feel sick.
You feel sick. Sigmund casts a spell at you. The puff of flame hits you!
Ouch! That really hurt!
* * * LOW HITPOINT WARNING * * *
Unknown command.
It was a potion of might.
You feel very mighty all of a sudden.
You die...

[......#####..#....)(..#
#......######.......>..#
.......................#
##....#########........#
##.........# #........#
#..#####...####.#......#
...#...#...##.....#..###
...#..(#..........#....#
...#####..###...@......#
##.......####.@...#....#
##..._..w....w(...#....#
........#####.....#....#
..w..#...####.....######
...#####...########
.#......##...####
##......####....###
........# ####...#####


You could see Sigmund and a dart slug.

Vanquished Creatures
  A ball python (D:1)
  2 frilled lizards (D:1)
  A rat (D:1)
4 creatures vanquished.

Vanquished Creatures (collateral kills)
  3 adders (D:2)
  2 giant cockroaches
  4 goblins
  5 hobgoblins
  3 kobolds
  A frilled lizard (D:1)
  6 rats (D:1)
24 creatures vanquished.

Vanquished Creatures (others)
  A plant (D:1)
1 creature vanquished.

Grand Total: 29 creatures vanquished

Notes
Turn   | Place    | Note
-------+----------+-------------------------------------------
     0 | D:1      | jlumianski the Felid Summoner began the quest for the Orb.
     0 | D:1      | Reached XP level 1. HP: 7/7 MP: 4/4
   836 | D:1      | Reached XP level 2. HP: 11/11 MP: 1/6
   839 | D:1      | Learned a level 2 spell: Call Imp
  1552 | D:2      | Found a hide-covered altar of Uskayaw.
  1552 | D:2      | Noticed a +0 hand axe
  1552 | D:2      | Noticed a +0 hand axe
  2345 | D:2      | Noticed Sigmund
  2361 | D:2      | Reached XP level 3. HP: 10/14 MP: 1/8
  2552 | D:2      | Succumbed to Sigmund's poison

Illustrated notes

Levels and vault maps discovered:
D:1:      nzn_arrival_depleted_hourglass, layout_basic, serial_forest,
          infiniplex_forest_fountain, infiniplex_forest_split,
          infiniplex_forest_lined_ring, infiniplex_forest_lined_1,
          infiniplex_forest_lined_3, infiniplex_forest_lined_room_2,
          infiniplex_forest_clump_curved
D:2:      layout_rooms, dancing_weapons_uskayaw, lemuel_coloured_pillars_altar,
          uniq_sigmund

Action                   || total
-------------------------++-------
Melee: Unarmed           ||    31
       Bite              ||     5
 Cast: Summon Small Mamm ||    85
       Call Imp          ||    14
  Use: Potion            ||     3
       Scroll            ||     1
 Stab: Sleeping          ||     4
Dodge: Dodged            ||    33
